 Dungeon Crawl Stone Soup version 0.30.0-29-ga12c61a403 (webtiles) character file.

Game seed: 7032704025236750141

2742 LustLizard the Zephyrmancer (level 9, 0/52 HPs)
             Began as a Deep Elf Air Elementalist on June 21, 2023.
             Was a Believer of Vehumet.
             Killed from afar by a gargoyle (19 damage)
             ... with a stone arrow
             ... on level 7 of the Dungeon.
             The game lasted 00:15:19 (8553 turns).

LustLizard the Zephyrmancer (DEAE)                  Turns: 8553, Time: 00:15:20

Health: 0/52       AC:  4    Str:  9    XL:     9   Next: 41%
Magic:  0/31       EV: 12    Int: 23    God:    Vehumet [**....]
Gold:   400        SH:  0    Dex: 13    Spells: 10/23 levels left

rFire   . . .        z - +10 falchion "Mougheh" {protect, rCorr Str+2 Dex-2 Stlth+}
rCold   . . .        (no shield)
rNeg    . . .        a - +0 robe
rPois   .            (helmet restricted)
rElec   .            I - +0 cloak
rCorr   +            (no gloves)
SInv    .            u - +0 pair of boots
Will    +....        c - amulet of guardian spirit
Stlth   +++          p - ring of magical power
HPRegen 0.28/turn    (no ring)
MPRegen 0.22/turn

%: guardian spirit
@: no status effects
A: beak, strong-willed 1, wild magic 1
a: Renounce Religion


You were on level 7 of the Dungeon.
You worshipped Vehumet.
Vehumet was pleased with you.
You visited 2 branches of the dungeon, and saw 8 of its levels.
You also visited: Ossuary.

You collected 445 gold pieces.
You spent 45 gold pieces at shops.

Inventory:

Hand Weapons
 k - a +2 dagger of draining
 z - the +10 falchion "Mougheh" (weapon) {protect, rCorr Str+2 Dex-2 Stlth+}
   (You took it off an orc on level 5 of the Dungeon)

   Str:       It affects your strength (+2).
   Dex:       It affects your dexterity (-2).
   rCorr:     It protects you from acid and corrosion.
   Stlth:     It makes you more stealthy.
Missiles
 y - 2 throwing nets
Armour
 a - a +0 robe (worn)
 t - a +3 leather armour
 u - a +0 pair of boots (worn)
 I - a +0 cloak (worn)
Magical Staves
 q - a staff of conjuration
Jewellery
 c - an amulet of guardian spirit (around neck)
 i - a ring of fire
 p - a ring of magical power (left hand)
 s - an amulet of reflection
 F - an amulet of faith
Wands
 w - a wand of paralysis (4)
Scrolls
 d - 2 scrolls of torment {unknown}
 e - 5 scrolls of amnesia
 f - 3 scrolls of identify
 j - a scroll of enchant weapon {unknown}
 m - 4 scrolls of teleportation
 n - a scroll of immolation {unknown}
 o - a scroll of blinking {unknown}
 r - a scroll of poison {unknown}
 v - 2 scrolls of magic mapping {unknown}
 B - a scroll of fog {unknown}
 D - a scroll of noise {unknown}
 G - a scroll of summoning {unknown}
Potions
 b - 2 potions of magic
 g - 3 potions of curing
 h - 3 potions of brilliance
 l - 2 potions of lignification
 x - a potion of mutation
 A - a potion of haste
 C - a potion of heal wounds {unknown}
 E - a potion of berserk rage {unknown}
 H - a potion of cancellation {unknown}


   Skills:
 + Level 4.4 Fighting
 - Level 2.4 Dodging
 - Level 4.0 Stealth
 + Level 7.8 Spellcasting
 - Level 1.1 Conjurations
 * Level 6.4 Fire Magic
 * Level 8.5 Air Magic


You had 10 spell levels left.
You knew the following spells:

 Your Spells              Type           Power      Damage    Failure   Level
a - Shock                 Conj/Air       100%       1d9       2%          1
b - Static Discharge      Conj/Air       80%        2-6/arc   3%          2
c - Swiftness             Air            58%        N/A       1%          3
d - Foxfire               Conj/Fire      100%       2x1d9     3%          1
e - Airstrike             Air            29%        2d(5-21)  3%          4
f - Poisonous Vapours     Pois/Air       74%        N/A       3%          2

Your spell library contained the following spells:

 Spells                   Type           Power      Damage    Failure   Level
 Fireball                 Conj/Fire      17%        3d9       47%         5
 Plasma Beam              Fire/Air       27%        2x1d43    54%         6
 Starburst                Conj/Fire      17%        6d6       96%         6


Dungeon Overview and Level Annotations

Branches:
Dungeon (7/15)             Temple (1/1) D:4         Ossuary (visited)

Altars:
Ashenzari
Dithmenos
Elyvilon
Fedhas
Gozag
Hepliaklqana
Kikubaaqudgha
Makhleb
Nemelex Xobeh
Okawaru
Qazlal
Ru
Sif Muna
Trog
Uskayaw
Vehumet
Wu Jian
Xom
Yredelemnul
Zin
The Shining One

Shops:
D:1 !   D:4 *

Annotations:
D:7 Maggie
Temple 2 transporters


Innate Abilities, Weirdness & Mutations

You have a beak for a mouth.
You are strong-willed. (Will+)
Your spells are a little harder to cast, but a little more powerful.


Message History

Press: ? - help, Dir - move target, f/p - gargoyle
Aim: a gargoyle, wielding a +0 mace (empty space bonus: 6/8)
The air twists around and strikes the gargoyle.
The gargoyle is moderately damaged.
Unknown command.
Casting: Airstrike (dangerous; 3% risk of failure)
Confirm with . or Enter, or press ? or * to list all spells.
Aiming: Airstrike (dangerous; 3% risk of failure)
Press: ? - help, Dir - move target, f/p - gargoyle
Aim: a gargoyle, wielding a +0 mace (moderately damaged, empty space bonus: 6/8)
The air twists around and strikes the gargoyle.
The gargoyle is moderately damaged.
Unknown command.
Casting: Airstrike (dangerous; 3% risk of failure)
Confirm with . or Enter, or press ? or * to list all spells.
Aiming: Airstrike (dangerous; 3% risk of failure)
Press: ? - help, Dir - move target, f/p - gargoyle
Aim: a gargoyle, wielding a +0 mace (moderately damaged, empty space bonus: 5/8)
The air twists around and strikes the gargoyle but does no damage.
The gargoyle hits you with a +0 mace!
Unknown command.
Casting: Airstrike (dangerous; 3% risk of failure)
Confirm with . or Enter, or press ? or * to list all spells.
Aiming: Airstrike (dangerous; 3% risk of failure)
Press: ? - help, Dir - move target, f/p - gargoyle
Aim: a gargoyle, wielding a +0 mace (moderately damaged, empty space bonus: 5/8)
The air twists around and strikes the gargoyle!
The gargoyle is severely damaged.
The gargoyle hurls a stone arrow at you.
The stone arrow hits you!!
Casting: Airstrike (dangerous; 3% risk of failure)
Confirm with . or Enter, or press ? or * to list all spells.
Aiming: Airstrike (dangerous; 3% risk of failure)
Press: ? - help, Dir - move target, f/p - gargoyle
Aim: a gargoyle, wielding a +0 mace (severely damaged, empty space bonus: 5/8)
The air twists around and strikes the gargoyle.
The gargoyle is severely damaged.
The gargoyle hurls a stone arrow at you.
The stone arrow hits you!!
You die...

# #..#...##########... #
#..................# #
####...##########..## #
#...#### ##...# #
#......#####.....#####.#
##.###<..##..##.........
#(#####.##.###...#
#..........##..#.#
#..#####.@9....#)#
#....# ###.....#.. #
#.##.# #.....##). #
##.##.# #.....# .). .
#..##.### ####### .@). .
#.......# #.... .
###.......# .
#.........# #.##...|..#


You could see a gargoyle.

Vanquished Creatures
  Menkaure (D:7)
  A water moccasin (D:7)
  An ice beast (D:5)
  A sky beast (D:5)
  2 black bears
  2 phantoms
  A kobold brigand (D:6)
  A bullfrog (D:7)
  13 scorpions
  A centaur zombie (Ossuary)
  Crazy Yiuf (D:7)
  A human zombie (Ossuary)
  4 orc priests
  4 hounds
  2 gnoll boudas
  A sleepcap (D:6)
  5 iguanas
  5 orc wizards
  2 scorpion zombies (Ossuary)
  3 mummies (Ossuary)
  Robin (D:2)
  7 adders
  13 gnolls
  3 shadow imps (D:6)
  2 worms
  2 dart slugs
  23 orcs
  8 bats
  6 endoplasms
  A giant cockroach (D:3)
  6 gnoll zombies (Ossuary)
  16 goblins
  12 hobgoblins
  5 jackals
  15 kobolds
  A quokka (D:3)
  13 ball pythons
  3 frilled lizards
  A goblin zombie (Ossuary)
  2 hobgoblin zombies (Ossuary)
  A kobold zombie (Ossuary)
  3 orc zombies (Ossuary)
  6 rats
202 creatures vanquished.

Vanquished Creatures (others)
  9 foxfires (D:5)
9 creatures vanquished.

Grand Total: 211 creatures vanquished

Notes
Turn   | Place    | Note
-------+----------+-------------------------------------------
     0 | D:1      | LustLizard the Deep Elf Air Elementalist began the quest
                  | for the Orb.
     0 | D:1      | Reached XP level 1. HP: 10/10 MP: 6/6
   299 | D:1      | Reached XP level 2. HP: 15/15 MP: 5/8
   844 | D:1      | Reached XP level 3. HP: 20/20 MP: 5/9
  1043 | D:1      | Found Qakko's Distillery.
  1211 | D:2      | Reached skill level 1 in Fighting
  1215 | D:2      | Learned a level 2 spell: Static Discharge
  1219 | D:2      | Learned a level 3 spell: Swiftness
  1483 | D:2      | Found a shimmering altar of Xom.
  1707 | D:2      | Noticed Robin
  1715 | D:2      | Killed Robin
  1716 | D:2      | Reached XP level 4. HP: 22/25 MP: 3/11
  1822 | D:2      | Identified the +5 sling "Koig" {antimagic, rC+ rN+ Stlth+}
  2477 | D:3      | Reached skill level 4 in Air Magic
  3093 | D:3      | Reached XP level 5. HP: 21/29 MP: 9/13
  3422 | D:4      | Found a staircase to the Ecumenical Temple.
  3458 | Temple   | Entered the Ecumenical Temple
  3458 | Temple   | Found a transporter.
  3458 | Temple   | Found a transporter.
  3460 | Temple   | Found a transporter.
  3460 | Temple   | Found a transporter.
  3483 | Temple   | Became a worshipper of Vehumet
  3543 | D:4      | Found a broken altar of Ashenzari.
  3593 | D:4      | Found Gaas's Assorted Antiques.
  3807 | D:4      | Found a stormy altar of Qazlal.
  3893 | D:4      | Reached XP level 6. HP: 33/35 MP: 14/14
  4232 | D:4      | Bought a sapphire potion for 21 gold pieces
  4232 | D:4      | Bought a scroll labelled QORAT ZIRAR for 24 gold pieces
  4294 | D:5      | Entered Level 5 of the Dungeon
  4349 | D:5      | Reached skill level 5 in Air Magic
  4355 | D:5      | Reached skill level 5 in Spellcasting
  4810 | D:5      | Noticed a sky beast
  4830 | D:5      | Reached XP level 7. HP: 38/40 MP: 16/17
  4832 | D:5      | Learned a level 1 spell: Foxfire
  4857 | D:5      | Reached skill level 6 in Air Magic
  5008 | D:5      | Reached * piety under Vehumet
  5008 | D:5      | Offered knowledge of Kiss of Death by Vehumet.
  5087 | D:5      | Reached skill level 1 in Fire Magic
  5406 | D:5      | Identified the +10 falchion "Mougheh" {protect, rCorr Str+2
                  | Dex-2 Stlth+}
  6112 | D:6      | Reached XP level 8. HP: 43/46 MP: 17/19
  6455 | D:6      | Reached skill level 7 in Air Magic
  7013 | D:6      | Found a sparkling altar of Nemelex Xobeh.
  7103 | D:7      | Noticed Menkaure
  7117 | D:7      | Killed Menkaure
  7162 | D:7      | Noticed Maggie
  7178 | D:7      | Found a sand-covered staircase.
  7198 | D:7      | Gained mutation: Your spells are a little harder to cast,
                  | but a little more powerful. [potion of mutation]
  7198 | D:7      | Gained mutation: You have a beak for a mouth. [potion of
                  | mutation]
  7198 | D:7      | Gained mutation: You are strong-willed. (Will+) [potion of
                  | mutation]
  7263 | Ossuary  | Entered an ossuary
  7339 | Ossuary  | Reached skill level 5 in Fire Magic
  7381 | Ossuary  | Learned a level 4 spell: Airstrike
  7648 | Ossuary  | Reached XP level 9. HP: 52/52 MP: 22/22
  7649 | Ossuary  | Reached skill level 8 in Air Magic
  7650 | Ossuary  | Reached ** piety under Vehumet
  7650 | Ossuary  | Offered knowledge of Poisonous Vapours by Vehumet.
  7654 | Ossuary  | Learned a level 2 spell: Poisonous Vapours
  8482 | D:7      | Found a runed translucent door.
  8483 | D:7      | Noticed Crazy Yiuf
  8491 | D:7      | Killed Crazy Yiuf
  8547 | D:7      | Noticed a gargoyle
  8553 | D:7      | Killed from afar by a gargoyle

Illustrated notes

Levels and vault maps discovered:
D:1:      heliophobic_arrival_glass_houses, layout_loops_ring, serial_shops,
          shop
D:2:      layout_basic, basic_altar, kennysheep_generic_room_3, uniq_robin
D:3:      minmay_bubble_buster, layout_basic, minmay_quantized
D:4:      layout_rooms, kennysheep_little_box, cheibrodos_ashenzari_chains,
          temple_pool_b, serial_shops, nicolae_inconvenience_store,
          kennysheep_minor_cross
D:5:      layout_layer_cave, dreamdust_mushroom_princess
D:6:      layout_cave_pools, nemelex_diamond_rough_becter
D:7:      cheibrodos_statue_roulette, layout_rooms, enter_ossuary_5, uniq_pikel,
          uniq_menkaure, uniq_crazy_yiuf_cottage, uniq_maggie
Temple:   hellmonk_temple_divided_pantheon

Skill      XL: |  1  2  3  4  5  6  7  8  9 |
---------------+----------------------------+-----
Stealth        | 3 4 |  4.0
Fighting       | 1 2 3 4 |  4.4
Air Magic      | 4 5 6 7 8 |  8.5
Spellcasting   | 4 5 6 7 |  7.8
Fire Magic     | 2 5 6 |  6.4
Dodging        | |  2.4
Conjurations   | |  1.1

Action                     |  1- 3 |  4- 6 |  7- 9 || total
---------------------------+-------+-------+-------++-------
  Melee: Club              |     2 |       |       ||     2
         Unarmed           |     1 |       |       ||     1
         Staff             |       |    12 |       ||    12
         Dagger            |       |     4 |       ||     4
         Falchion          |       |       |     6 ||     6
         Peck              |       |       |     1 ||     1
         Punch             |       |       |     1 ||     1
   Cast: Shock             |    86 |   135 |   238 ||   459
         Static Discharge  |       |    11 |    45 ||    56
         Airstrike         |       |       |     6 ||     6
         Foxfire           |       |       |     6 ||     6
    Use: Scroll            |       |     4 |     3 ||     7
         Potion            |       |       |     3 ||     3
 Armour: Robe              |     2 |     3 |    12 ||    17
  Dodge: Dodged            |    15 |    15 |    54 ||    84
